 Dungeon Crawl Stone Soup version 0.22.0-60-ga52c2fc (webtiles) character file.

58 sbiou the Shield-Bearer (level 3, -6/36 HPs)
             Began as a Troll Fighter on Sept 10, 2018.
             Mangled by an ice beast (11 damage)
             ... on level 2 of the Dungeon.
             The game lasted 00:02:33 (852 turns).

sbiou the Shield-Bearer (Troll Fighter)              Turns: 852, Time: 00:02:33

Health: -6/36      AC:  5    Str: 30    XL:     3   Next: 76%
Magic:  2/2        EV:  8    Int:  4    God:
Gold:   102        SH:  9    Dex:  9    Spells: 2/2 levels left

rFire    . . .     SeeInvis .   a - +0 flail
rCold    . . .     Gourm    +   c - +0 shield
rNeg     . . .     Faith    .   b - +0 robe
rPois    .         Spirit   .   (helmet restricted)
rElec    .         Reflect  .   (no cloak)
rCorr    .         Harm     .   (gloves unavailable)
MR       .....                  (boots unavailable)
Stlth    +.........             (no amulet)
HPRegen  0.52/turn              (no ring)
MPRegen  0.08/turn              (no ring)

@: mighty
A: large, unfitting armour, claws 3, fast metabolism 3, gourmand, regeneration
1, shaggy fur 1, tough skin 2
a: no special abilities


You were on level 2 of the Dungeon.
You were hungry.

You visited 1 branch of the dungeon, and saw 2 of its levels.

You collected 102 gold pieces.

Inventory:

Hand Weapons
 a - a +0 flail (weapon)
Armour
 b - a +0 robe (worn)
 c - a +0 shield (worn)
Jewellery
 e - an uncursed ring of stealth {unknown}
Scrolls
 h - a scroll of fear {unknown}
 i - 2 scrolls of identify {unknown}
 j - a scroll of enchant armour {unknown}
 k - a scroll of teleportation {unknown}
 l - a scroll of fog {unknown}
 n - a scroll of remove curse
Potions
 g - a potion of flight {unknown}
 m - a potion of berserk rage {unknown}
 o - a potion of agility {unknown}
 p - 2 potions of brilliance {unknown}
Comestibles
 f - 5 rations


   Skills:
 + Level 2.7 Fighting
 + Level 2.4 Maces & Flails
 + Level 2.8 Dodging
 + Level 3.0 Shields


You had 2 spell levels left.
You didn't know any spells.
Your spell library was empty.

Dungeon Overview and Level Annotations

Branches:
Dungeon (2/15)

Altars:
Dithmenos


Innate Abilities, Weirdness & Mutations

You are too large for most types of armour.
You have claws for hands.
Your metabolism is lightning-fast.
You like to eat raw meat.
Your natural rate of healing is unusually fast.
You are covered in fur. (AC +1)
You have very tough skin. (AC +2)


Message History

You are too injured to fight recklessly!
There are monsters nearby!
You are too injured to fight recklessly!
You are too injured to fight recklessly!
There are monsters nearby!
You are too injured to fight recklessly!
There are monsters nearby!
You are too injured to fight recklessly!
There are monsters nearby!
You are too injured to fight recklessly!
There are monsters nearby!
You are too injured to fight recklessly!
You are too injured to fight recklessly!
There are monsters nearby!
You are too injured to fight recklessly!
You feel very mighty all of a sudden. You block the adder's attack.
The ice beast hits you.
* * * LOW HITPOINT WARNING * * *
The ice beast freezes you!
You die...

#..._...# #..######
.........##........#
........... #.....+
#.....##..###.....# #
##. #..###..##.....#
#.##.. #..##.........#
#.....###.....####'####
#.Y.#..########.#
#.S@...# #.....#
......K##### #.....# #
.....## #...(.#### ....
#.....†..# ...
#.....##.# ..
#.....##.# . #.....##..
########## #....


You could see an ice beast, an adder and a kobold.

Vanquished Creatures
  An ooze (D:1)
  3 dart slugs (D:1)
  2 leopard geckos (D:2)
  3 bats
  A giant cockroach (D:1)
  6 goblins
  6 hobgoblins
  6 jackals
  A quokka (D:2)
  2 frilled lizards (D:2)
  7 kobolds
  3 rats
41 creatures vanquished.

Notes
Turn   | Place    | Note
-------+----------+-------------------------------------------
     0 | D:1      | sbiou the Troll Fighter began the quest for the Orb.
     0 | D:1      | Reached XP level 1. HP: 22/22 MP: 0/0
   100 | D:1      | Reached XP level 2. HP: 29/29 MP: 1/1
   155 | D:1      | Reached XP level 3. HP: 31/36 MP: 2/2
   818 | D:2      | Reached skill level 3 in Shields
   836 | D:2      | Found a shadowy altar of Dithmenos.
   844 | D:2      | Noticed an ice beast
   852 | D:2      | Mangled by an ice beast

Skill      XL: |  1  2  3 |
---------------+----------+-----
Maces & Flails | 2 |  2.4
Shields        | 3 |  3.0
Fighting       | |  2.7
Dodging        | |  2.8

Action                   || total
-------------------------++-------
Melee: Flail             ||   181
  Use: Scroll            ||     1
       Potion            ||     1
 Stab: Sleeping          ||     1
  Eat: Chunk             ||     5
Armor: Robe              ||    83
Dodge: Dodged            ||    96
Block: Shield            ||   123
